 Dungeon Crawl Stone Soup version 0.18.1-48-g4cf74bf (webtiles) character file.

7610 tself55 the Destroyer (level 10, -6/50 HPs)
             Began as a Deep Elf Fire Elementalist on June 30, 2016.
             Was a Priest of Vehumet.
             Shot with an arrow by a centaur (16 damage)
             ... on level 11 of the Dungeon.
             The game lasted 00:31:00 (11209 turns).

tself55 the Destroyer (Deep Elf Fire Elementalist) Turns: 11209, Time: 00:31:01

Health: -6/50      AC:  4    Str:  7    XL:     10   Next: 98%
Magic:  35/40      EV:  8    Int: 24    God:    Vehumet [***...]
Gold:   623        SH:  0    Dex: 18    Spells: 8 memorised, 0 levels left

rFire  . . .     SeeInvis .     x - staff of power
rCold  . . .     Gourm    .     J - -1 robe (curse)
rNeg   . . .     Faith    .     (no shield)
rPois  .         Spirit   .     (no helmet)
rElec  .         Dismiss  .     q - +2 cloak {+Inv}
rCorr  .         Reflect  .     (no gloves)
SustAt .         Harm     .     (no boots)
MR     +....                    F - amulet of regeneration
Stlth  ++........               P - +2 ring of strength
                                G - +3 ring of dexterity

@: lethally poisoned (-6 -> -6), somewhat resistant to hostile enchantments,
unstealthy
A: no striking features
a: Renounce Religion, Evoke Invisibility


You were on level 11 of the Dungeon.
You worshipped Vehumet.
Vehumet was most pleased with you.
You were not hungry.

You visited 2 branches of the dungeon, and saw 12 of its levels.

You collected 656 gold pieces.
You spent 33 gold pieces at shops.

Inventory:

Armour
 a - a +1 robe
 q - a +2 cloak of invisibility (worn)
 C - the +5 ring mail of Shadows and Fog {rPois MR+, unknown}
   (You found it on level 5 of the Dungeon)

   It protects you from poison.
   It affects your resistance to hostile enchantments.
 J - a cursed -1 robe (worn)
 O - a troll hide
Magical Staves
 x - an uncursed staff of power (weapon)
Jewellery
 i - an uncursed ring of resist corrosion
 t - an uncursed amulet of the gourmand
 F - an amulet of regeneration (around neck)
 G - a +3 ring of dexterity (left hand)
 P - a +2 ring of strength (right hand)
Wands
 d - a wand of digging (13/24)
 e - a wand of flame (28/48)
 p - a wand of hasting (3/9)
 M - a wand of acid (10/15)
Scrolls
 f - 3 scrolls of remove curse
 j - a scroll of blinking
 o - a scroll of fog
 y - 4 scrolls of teleportation
 H - 2 scrolls of magic mapping
 I - a scroll of amnesia
 K - 2 scrolls of enchant weapon
Potions
 g - a potion of cure mutation {unknown}
 h - 3 potions of invisibility
 m - 2 potions of ambrosia {unknown}
 r - 6 potions of curing
 w - a potion of haste {unknown}
 z - 3 potions of flight
 B - 3 potions of heal wounds
 E - 2 potions of agility {unknown}
Books
 b - a book of Flames

   Spells                             Type                      Level
   a - Flame Tongue                   Conjuration/Fire             1
   b - Throw Flame                    Conjuration/Fire             2
   c - Conjure Flame                  Conjuration/Fire             3
   d - Inner Flame                    Hexes/Fire                   3
   e - Sticky Flame                   Conjuration/Fire             4
   f - Fireball                       Conjuration/Fire             5
 k - a book of Battle

   Spells                             Type                      Level
   a - Infusion                       Charms                       1
   b - Shroud of Golubria             Charms/Translocation         2
   c - Song of Slaying                Charms                       2
   d - Spectral Weapon                Hexes/Charms                 3
   e - Regeneration                   Charms/Necromancy            3
 u - a book of Envenomations

   Spells                             Type                      Level
   a - Spider Form                    Transmutation/Poison         3
   b - Olgreb's Toxic Radiance        Poison                       4
   c - Alistair's Intoxication        Transmutation/Poison         5
   d - Poisonous Cloud                Conjuration/Poison/Air       6
 A - a book of Misfortune

   Spells                             Type                      Level
   a - Confusing Touch                Hexes                        2
   b - Confuse                        Hexes                        3
   c - Gell's Gravitas                Hexes/Translocation          3
   d - Petrify                        Transmutation/Earth          4
   e - Metabolic Englaciation         Hexes/Ice                    5
   f - Yara's Violent Unravelling     Hexes/Transmutation          5
 D - a Young Poisoner's Handbook

   Spells                             Type                      Level
   a - Sting                          Conjuration/Poison           1
   b - Cure Poison                    Poison                       2
   c - Mephitic Cloud                 Conjuration/Poison/Air       3
   d - Olgreb's Toxic Radiance        Poison                       4
   e - Venom Bolt                     Conjuration/Poison           5
 L - a book of Fire

   Spells                             Type                      Level
   a - Ignite Poison                  Fire/Transmutation/Poison    3
   b - Fireball                       Conjuration/Fire             5
   c - Bolt of Fire                   Conjuration/Fire             6
   d - Delayed Fireball               Conjuration/Fire             7
   e - Ring of Flames                 Charms/Fire                  7
Comestibles
 c - 14 bread rations
 l - 4 fruits
 n - 7 meat rations
 s - 7 beef jerkies
 v - a slice of pizza
 N - 4 chunks of flesh


   Skills:
 - Level 2.4 Dodging
 - Level 2.4 Stealth
 + Level 9.8 Spellcasting
 * Level 10.4 Conjurations
 - Level 4.1 Hexes
 * Level 5.6 Translocations
 + Level 8.8 Fire Magic
 - Level 5.0 Air Magic
 - Level 5.2 Poison Magic


You couldn't memorise any spells.
You knew the following spells:

 Your Spells              Type           Power        Failure   Level  Hunger
a - Flame Tongue          Conj/Fire      #####        1%          1    None
b - Conjure Flame         Conj/Fire      ######..     1%          3    None
c - Sticky Flame          Conj/Fire      ######..     1%          4    #......
d - Fireball              Conj/Fire      ######....   1%          5    ####...
e - Gell's Gravitas       Hex/Tloc       #####.....   2%          3    None
f - Mephitic Cloud        Conj/Pois/Air  #####...     1%          3    None
g - Poisonous Cloud       Conj/Pois/Air  #####.....   19%         6    ######.
r - Regeneration          Chrm/Necr      ##........   21%         3    None


Dungeon Overview and Level Annotations

Branches:
Dungeon (11/15)            Temple (1/1) D:4            Lair (0/8) D:10
    Orc (0/2) D:9

Altars:
Ashenzari
Cheibriados
Dithmenos
Elyvilon
Fedhas
Gozag
Kikubaaqudgha
Makhleb
Nemelex Xobeh
Okawaru
Pakellas
Qazlal
Ru
Sif Muna
Trog
Vehumet
Xom
Yredelemnul
Zin
The Shining One

Shops:
D:4 !   D:7 *

Annotations:
D:4 Sigmund
D:9 2 runed doors


Message History

Unknown command.
Unknown command.
You feel sick.
Things that are here:
a dagger of venom; an orc corpse You butcher the orc corpse.
You feel sick.
N - 4 chunks of flesh (gained 2)
You see here a dagger of venom.
A centaur comes into view.
You feel sick.
The centaur wields a shortbow.
The centaur shoots an arrow.
The arrow hits you!
The centaur shoots an arrow.
The arrow hits you.
* * * LOW HITPOINT WARNING * * *
There is a stone staircase leading up, spattered with blood here.
You see here 2 arrows.
You feel sick.
A centaur is nearby!
There is a stone staircase leading up, spattered with blood here.
You see here 2 arrows.
You feel sick.
The centaur shoots an arrow.
The arrow hits you!
You die...

# ######)###
#..@))...#
#..........#
#?...)...###
#....c...#
######.###
.# .# ##


You could see a centaur.

Vanquished Creatures
  An unseen horror (D:10)
  The ghost of saranimal the Skirmisher, a novice DsGl of Ru (D:6)
  A gargoyle (D:10)
  An elephant (D:10)
  3 trolls
  3 yaks (D:10)
  A wyvern (D:10)
  A hungry ghost (D:8)
  A steam dragon (D:9)
  8 orc warriors
  3 necrophages (D:9)
  A sky beast (D:6)
  4 ice beasts
  3 ogres
  A phantom (D:9)
  3 centaurs
  2 crocodiles (D:10)
  A big kobold (D:10)
  2 giant frogs
  A water moccasin zombie (D:9)
  A wyvern skeleton (D:9)
  A scorpion (D:7)
  3 killer bees (D:9)
  3 electric eels (D:7)
  2 howler monkeys (D:8)
  A jelly (D:9)
  2 wasp zombies
  A centaur zombie (D:10)
  2 giant frog zombies
  3 hounds
  8 orc priests
  2 giant frog skeletons
  21 orc wizards
  12 worker ants
  A sheep (D:10)
  A killer bee zombie (D:10)
  A hound skeleton (D:4)
  A howler monkey zombie (D:8)
  4 gnolls (D:4)
  8 adders
  An adder skeleton (D:7)
  An adder zombie (D:7)
  4 worms
  3 dart slugs
  7 giant geckos
  55 orcs
  2 giant cockroaches (D:2)
  2 goblins (D:2)
  5 hobgoblins
  7 kobolds
  4 quokkas
  A ball python (D:2)
  6 bats
  4 giant newts
  A quokka skeleton (D:7)
  A quokka zombie (D:10)
  6 rats
  6 bushes (D:9)
  2 plants (D:9)
238 creatures vanquished.

Vanquished Creatures (others)
  A worker ant (D:6)
  A plant (D:9)
2 creatures vanquished.

Grand Total: 240 creatures vanquished

Notes
Turn   | Place    | Note
--------------------------------------------------------------
     0 | D:1      | tself55 the Deep Elf Fire Elementalist began the quest for the Orb.
     0 | D:1      | Reached XP level 1. HP: 10/10 MP: 6/6
   597 | D:2      | Reached XP level 2. HP: 15/15 MP: 6/8
   735 | D:2      | Reached skill level 2 in Conjurations
   755 | D:2      | Reached XP level 3. HP: 19/19 MP: 5/10
  1303 | D:3      | Learned a level 3 spell: Conjure Flame
  1644 | D:3      | Reached XP level 4. HP: 24/24 MP: 8/11
  1683 | D:3      | Reached skill level 3 in Conjurations
  2121 | D:3      | Learned a level 4 spell: Sticky Flame
  2550 | D:4      | Reached XP level 5. HP: 28/28 MP: 13/13
  2696 | D:4      | Noticed Sigmund
  2751 | D:4      | Reached skill level 5 in Fire Magic
  2933 | D:4      | Reached skill level 4 in Conjurations
  3000 | D:4      | Found a staircase to the Ecumenical Temple.
  3020 | D:4      | Found Voiff's Distillery.
  3040 | Temple   | Entered the Ecumenical Temple
  3194 | D:4      | Reached XP level 6. HP: 32/32 MP: 15/15
  3336 | D:4      | Found a deep blue altar of Sif Muna.
  3545 | D:4      | Found a sparkling altar of Nemelex Xobeh.
  3678 | D:5      | Entered Level 5 of the Dungeon
  3730 | D:5      | Got a heavily runed ring mail
  3931 | D:5      | Reached skill level 5 in Spellcasting
  3974 | D:5      | Learned a level 3 spell: Mephitic Cloud
  4219 | D:5      | Noticed an ice beast
  4229 | D:5      | Killed an ice beast
  4229 | D:5      | Reached skill level 1 in Air Magic
  4229 | D:5      | Reached skill level 1 in Poison Magic
  4482 | D:5      | Found a sparkling altar of Nemelex Xobeh.
  4758 | D:6      | Found a glowing golden altar of the Shining One.
  4780 | D:6      | Found a glowing golden altar of the Shining One.
  4781 | D:6      | Found a white marble altar of Elyvilon.
  4782 | D:6      | Found a glowing silver altar of Zin.
  4797 | D:6      | Noticed saranimal's ghost (novice DsGl)
  4804 | D:6      | Killed saranimal's ghost
  4804 | D:6      | Reached skill level 5 in Conjurations
  4804 | D:6      | Reached XP level 7. HP: 33/36 MP: 17/17
  4817 | D:6      | Reached XP level 8. HP: 12/41 MP: 10/19
  5078 | D:6      | Learned a level 3 spell: Gell's Gravitas
  5082 | D:6      | Learned a level 3 spell: Regeneration
  5487 | D:6      | Found a radiant altar of Vehumet.
  5497 | D:6      | Became a worshipper of Vehumet
  5813 | D:6      | Found a shadowy altar of Dithmenos.
  5851 | D:6      | Found a burning altar of Makhleb.
  5851 | D:6      | Noticed a cacodemon
  6071 | D:6      | Identified a scroll of acquirement
  6545 | D:7      | Found Dach's General Store.
  6555 | D:7      | Bought a scroll of remove curse for 33 gold pieces
  6770 | D:7      | Found an ancient bone altar of Kikubaaqudgha.
  6947 | D:7      | Found a snail-covered altar of Cheibriados.
  7107 | D:7      | Noticed a slime creature
  7258 | D:8      | Reached skill level 6 in Conjurations
  7451 | D:8      | Reached XP level 9. HP: 45/45 MP: 21/21
  7492 | D:8      | Reached * piety under Vehumet
  7492 | D:8      | Offered knowledge of Shock by Vehumet.
  7492 | D:8      | Reached skill level 5 in Air Magic
  7604 | D:8      | Reached skill level 5 in Poison Magic
  7886 | D:8      | Found an opulent altar of Gozag.
  8063 | D:8      | Reached skill level 7 in Conjurations
  8183 | D:9      | Found a blossoming altar of Fedhas.
  8218 | D:9      | Learned a level 5 spell: Fireball
  8248 | D:9      | Reached skill level 1 in Hexes
  8458 | D:9      | Found a runed door.
  8471 | D:9      | Found a shattered altar of Ashenzari.
  8581 | D:9      | Reached skill level 8 in Conjurations
  8617 | D:9      | Found a staircase to the Orcish Mines.
  8624 | D:9      | Reached ** piety under Vehumet
  8730 | D:9      | Offered knowledge of Magic Dart by Vehumet.
  8905 | D:9      | Noticed a troll
  8919 | D:9      | Killed a troll
  8919 | D:9      | Reached skill level 1 in Translocations
  9045 | D:9      | Reached XP level 10. HP: 50/50 MP: 24/24
  9333 | D:9      | Found a runed door.
  9702 | D:10     | Entered Level 10 of the Dungeon
  9818 | D:10     | Found a staircase to the Lair.
  9818 | D:10     | Noticed an elephant
  9836 | D:10     | Killed an elephant
  9836 | D:10     | Reached skill level 9 in Conjurations
  9893 | D:10     | Found a deep blue altar of Sif Muna.
  9896 | D:10     | Offered knowledge of Static Discharge by Vehumet.
 10083 | D:10     | Noticed a gargoyle
 10119 | D:10     | Killed a gargoyle
 10248 | D:10     | Noticed an unseen horror
 10252 | D:10     | Killed an unseen horror
 10302 | D:10     | Reached skill level 5 in Translocations
 10309 | D:10     | Reached skill level 10 in Conjurations
 10465 | D:10     | Reached *** piety under Vehumet
 11147 | D:10     | Learned a level 6 spell: Poisonous Cloud
 11209 | D:11     | Shot with an arrow by a centaur

Skill      XL: |  1  2  3  4  5  6  7  8  9 10 |
---------------+-------------------------------+-----
Conjurations   | 2 3 4 5 6 8 10 | 10.4
Fire Magic     | 4 5 6 7 8 |  8.8
Spellcasting   | 4 5 6 7 8 9 |  9.8
Air Magic      | 2 3 4 5 |  5.0
Poison Magic   | 3 4 5 |  5.2
Hexes          | 4 |  4.1
Translocations | 1 5 |  5.6
Dodging        | |  2.4
Stealth        | |  2.4

Action                   |  1- 3 |  4- 6 |  7- 9 | 10-12 || total
-------------------------+-------+-------+-------+-------++-------
Melee: Hand axe          |     6 |     7 |       |       ||    13
       Whip              |       |     2 |       |       ||     2
       Staff             |       |    14 |     2 |     2 ||    18
 Cast: Flame Tongue      |    45 |   118 |   217 |   151 ||   531
       Conjure Flame     |       |     4 |     4 |     9 ||    17
       Sticky Flame      |       |     1 |    13 |    13 ||    27
       Mephitic Cloud    |       |       |     6 |     2 ||     8
       Fireball          |       |       |     5 |     7 ||    12
       Gell's Gravitas   |       |       |     3 |     7 ||    10
  Use: Scroll            |       |    10 |    12 |       ||    22
  Eat: Chunk             |     2 |     9 |    23 |     6 ||    40
Armor: Robe              |     5 |    11 |    17 |     9 ||    42
Dodge: Dodged            |    20 |    44 |    52 |    33 ||   149
